 Dungeon Crawl Stone Soup version 0.17-a0-1849-g8a24fa2 (webtiles) character file.

36 HiobMontag the Grave Robber (level 3, -5/24 HPs)
             Began as a Human Necromancer on Sept 18, 2015.
             Slain by Sigmund
             ... wielding a +0 scythe
              (7 damage)
             ... on level 2 of the Dungeon.
             The game lasted 00:08:54 (2146 turns).

HiobMontag the Grave Robber (Human Necromancer)     Turns: 2146, Time: 00:08:54

Health: -5/24      AC:  2    Str:  8      XL:     3   Next: 57%
Magic:  6/6        EV: 12    Int: 14 (16) God:
Gold:   89         SH:  0    Dex: 13      Spells: 3 memorised, 1 level left

rFire  . . .     SeeInvis .     d - +1 hand axe (chop)
rCold  . . .     Clarity  .     a - +0 robe
rNeg   . . .     SustAt   .     (no shield)
rPois  .         Gourm    .     (no helmet)
rElec  .         Spirit   .     (no cloak)
rCorr  .         Warding  .     (no gloves)
rMut   .         Stasis   .     (no boots)
MR     .....                    (no amulet)
Stlth  +.........               (no ring)
                                (no ring)

@: confused, not resistant to hostile enchantments, very unstealthy
A: no striking features
a: no special abilities


You were on level 2 of the Dungeon.
You were not hungry.

You visited 1 branch of the dungeon, and saw 2 of its levels.

You collected 89 gold pieces.

Inventory:

Hand weapons
 d - a +1 hand axe of chopping (weapon)
Armour
 a - a +0 robe (worn)
Potions
 f - a potion of degeneration
 h - 2 potions of curing
Books
 b - a book of Necromancy

   Spells                             Type                      Level
   a - Pain                           Necromancy                   1
   b - Animate Skeleton               Necromancy                   1
   c - Vampiric Draining              Necromancy                   3
   d - Regeneration                   Charms/Necromancy            3
   e - Animate Dead                   Necromancy                   4
   f - Control Undead                 Necromancy                   4
Comestibles
 c - a bread ration


   Skills:
 + Level 2.0 Dodging
 + Level 2.0 Stealth
 + Level 2.3 Spellcasting
 + Level 4.8 Necromancy


You had one spell level left.
You knew the following spells:

 Your Spells              Type           Power        Failure   Level  Hunger
a - Pain                  Necr           ###.         3%          1    #......
b - Animate Skeleton      Necr           N/A          3%          1    #......
c - Vampiric Draining     Necr           ###.......   12%         3    ###....


Dungeon Overview and Level Annotations

Branches:
Dungeon (2/15)

Altars:
Makhleb
Vehumet
Zin

Shops:
D:2 *

Annotations:
D:2 Sigmund


Message History

You are starting to lose your buoyancy.
Sigmund points at you and mumbles some strange words.
The puff of flame hits you!
* * * LOW HITPOINT WARNING * * *
You bump into the rock wall.
Sigmund zaps a wand.
You resist with significant effort. Sigmund barely misses you.
Sigmund gestures wildly while chanting.
Sigmund flickers and vanishes!
Deactivating autopickup; reactivate with Ctrl-A.
Something barely misses you.
You float gracefully downwards.
You hear a zap.
Something tries to affect you, but you resist.
You hear a zap.
Something tries to affect you, but you resist.
You hear some strange, mumbled words.
You are more confused.
You closely miss something. Something hits you!
You die...

##### #...# #..._.........
#...##.#...............#
#....#.#.....8.........########
#....#!#.............(.........
#....#........._.. ....###....#
#'#.#........... # #(# #..#..
####.#.#.........#######.###.###.
...#.#.#.#+####{@.....##.....#⌠_.
......................'....>.###.
##.#.#.#.#.####.......#####...#..
##.#.#.#.#.# #.......# #.#...#
...#.#.#.#.# #.......# #.#....
.......#.#.# #.......# #.#.###
...#...#.#.# #.####### #.### #
...#...#.#.# #.# #..
...#.#...#.####.#################


There were no monsters in sight!

Vanquished Creatures
  4 giant geckos
  4 bats (D:1)
  2 giant cockroaches (D:1)
  3 hobgoblins (D:1)
  6 kobolds
  2 quokkas
  4 giant newts
  3 goblins
  2 rats (D:2)
30 creatures vanquished.

Vanquished Creatures (collateral kills)
  A rat (D:1)
1 creature vanquished.

Vanquished Creatures (others)
  5 toadstools (D:1)
5 creatures vanquished.

Grand Total: 36 creatures vanquished

Notes
Turn   | Place    | Note
--------------------------------------------------------------
     0 | D:1      | HiobMontag the Human Necromancer began the quest for the Orb.
     0 | D:1      | Reached XP level 1. HP: 13/13 MP: 3/3
   238 | D:1      | Reached XP level 2. HP: 16/19 MP: 1/5
   431 | D:1      | Learned a level 1 spell: Animate Skeleton
   951 | D:1      | Reached XP level 3. HP: 22/24 MP: 2/6
   975 | D:1      | Learned a level 3 spell: Vampiric Draining
  1631 | D:2      | Noticed Sigmund
  2041 | D:2      | Found a burning altar of Makhleb.
  2084 | D:2      | Found Zin's Purification Station.
  2087 | D:2      | Found a glowing silver altar of Zin.
  2131 | D:2      | Found a radiant altar of Vehumet.
  2146 | D:2      | Slain by Sigmund

Vault maps used:
D:1:      ldierk_walled_garden
D:2:      grunt_temple_overflow_open, zin_purify, minivault_27,
          grunt_ministairs_14, corexii_corridor_pit, serial_park_tiny_pond,
          uniq_sigmund

Action                   || total
-------------------------++-------
Melee: Hand axe          ||     2
 Cast: Pain              ||    48
       Animate Skeleton  ||    12
       Vampiric Draining ||     1
  Use: Scroll            ||     4
       Potion            ||     4
  Eat: Chunk             ||     5
